A- SE
BRADENTON MARAUDERS @ CHARLOTTE STONE CRABS
07/02/2041
 
TOP OF THE 1ST
Bradenton Marauders batting - Pitching for Charlotte Stone Crabs : RHP Bob Parks
Pitching: RHP Bob Parks
Batting: RHB Rob Parker 0-0: Ball
1-0: Swinging Strike
1-1: Ball
2-1: Ball
3-1: Foul Ball, location: 5SF
3-2: Fly out, F8 (Flyball, 8RXD, EV 101.9 MPH)
Batting: RHB Charlie Howell 0-0: Ball
1-0: Called Strike
1-1: Foul Ball, location: 2RF
1-2: Strikes out looking
Batting: LHB Rich Herbert 0-0: Called Strike
0-1: Ball
1-1: Called Strike
1-2: SINGLE (Groundball, 5, EV 106.3 MPH)
Batting: RHB Juan Chávez 0-0: Called Strike
0-1: Ground out 1-3 (Groundball, 15S, EV 68.8 MPH)
Top of the 1st over - 0 runs, 1 hit, 0 errors, 1 left on base; Bradenton 0 - Charlotte 0
BOTTOM OF THE 1ST
Charlotte Stone Crabs batting - Pitching for Bradenton Marauders : RHP Greg Ramsey
Pitching: RHP Greg Ramsey
Batting: RHB Juan Rodríguez 0-0: Ball
1-0: Called Strike
1-1: Ground out 6-3 (Groundball, 6, EV 100.0 MPH)
Batting: RHB Nunno Gerardo 0-0: Ball
1-0: Ball
2-0: Fly out, F9 (Flyball, 89D, EV 98.8 MPH)
Batting: LHB Jonathan Owens 0-0: Ball
1-0: Ball
2-0: Ball
3-0: Base on Balls
Batting: RHB Juan Sánchez 0-0: Ball
Jonathan Owens is caught stealing 2nd base 2-4
Bottom of the 1st over - 0 runs, 0 hits, 0 errors, 0 left on base; Bradenton 0 - Charlotte 0
TOP OF THE 2ND
Bradenton Marauders batting - Pitching for Charlotte Stone Crabs : RHP Bob Parks
Batting: SHB Jesús Martínez 0-0: Called Strike
0-1: Ball
1-1: Ground out 4-3 (Groundball, 4M, EV 83.8 MPH)
Batting: RHB Shawn Blanchard 0-0: Ball
1-0: Ball
2-0: Called Strike
2-1: Swinging Strike
2-2: Foul Ball, location: 25FF
2-2: Foul Ball, location: 2F
2-2: Foul Ball, location: 2F
2-2: Ball
3-2: Strikes out looking
Batting: RHB Andreas Lambert 0-0: Ball
1-0: Ball
2-0: Ball
3-0: Ground out 4-3 (Groundball, 34, EV 106.9 MPH)
Top of the 2nd over - 0 runs, 0 hits, 0 errors, 0 left on base; Bradenton 0 - Charlotte 0
BOTTOM OF THE 2ND
Charlotte Stone Crabs batting - Pitching for Bradenton Marauders : RHP Greg Ramsey
Batting: RHB Juan Sánchez 0-0: Called Strike
0-1: Ball
1-1: Foul Ball, location: 2F
1-2: Ball
2-2: Ground out 4-3 (Groundball, 34, EV 106.3 MPH)
Batting: RHB Luis Sánchez 0-0: Ball
1-0: Swinging Strike
1-1: Foul Ball, location: 2F
1-2: Foul Ball, location: 3F
1-2: Ground out 6-3 (Groundball, 6, EV 104.4 MPH)
Batting: RHB José Rivera 0-0: Called Strike
0-1: Ball
1-1: DOUBLE (Line Drive, 9LM, EV 111.3 MPH)
Batting: LHB Andy Turner 0-0: Ball
1-0: Ball
2-0: Called Strike
2-1: Swinging Strike
2-2: Foul Ball, location: 23F
2-2: Ball
3-2: Foul Ball, location: 5DF
3-2: Fly out, F7 (Flyball, 7S, EV 79.4 MPH)
Bottom of the 2nd over - 0 runs, 1 hit, 0 errors, 1 left on base; Bradenton 0 - Charlotte 0
TOP OF THE 3RD
Bradenton Marauders batting - Pitching for Charlotte Stone Crabs : RHP Bob Parks
Batting: RHB Dan Alexander 0-0: Foul Ball, location: 3FF
0-1: Ball
1-1: Ball
2-1: Ground out 4-3 (Groundball, 34, EV 86.3 MPH)
Batting: LHB Charlie Wood 0-0: Ball
1-0: Swinging Strike
1-1: Ball
2-1: Swinging Strike
2-2: Foul Ball, location: 7LDF
2-2: Ball
3-2: Foul Ball, location: 25FF
3-2: Ground out 6-3 (Groundball, 6, EV 108.1 MPH)
Batting: RHB Rob Parker 0-0: Ground out 6-3 (Groundball, 6, EV 91.3 MPH)
Top of the 3rd over - 0 runs, 0 hits, 0 errors, 0 left on base; Bradenton 0 - Charlotte 0
BOTTOM OF THE 3RD
Charlotte Stone Crabs batting - Pitching for Bradenton Marauders : RHP Greg Ramsey
Batting: RHB José Fernández 0-0: Ball
1-0: Swinging Strike
1-1: Ball
2-1: Swinging Strike
2-2: SINGLE (Line Drive, 34D, EV 96.3 MPH)
Batting: RHB Iván Narciso 0-0: Sac Bunt to 3S - play at first, batter OUT! 3-1
José Fernández to second
Batting: RHB Juan Rodríguez 0-0: Foul Ball, location: 23FF
0-1: Ball
Wild Pitch!
José Fernández to third
1-1: DOUBLE (Flyball, 8RXD, EV 91.9 MPH)
José Fernández scores
Batting: RHB Nunno Gerardo 0-0: Foul Ball, location: 3F
0-1: Ball
1-1: Ball
2-1: Ground out 5-3 (Groundball, 56, EV 99.4 MPH)
Batting: LHB Jonathan Owens 0-0: Ball
1-0: Ball
2-0: Ball
3-0: Base on Balls
Batting: RHB Juan Sánchez 0-0: Foul Ball, location: 2F
0-1: Ball
1-1: Swinging Strike
1-2: Ball
2-2: SINGLE (Line Drive, 8RS, EV 92.5 MPH)
Juan Rodríguez to third
Jonathan Owens to second
Runner from 3rd tries for Home, SAFE, throw by CF to home
Batting: RHB Luis Sánchez 0-0: Swinging Strike
0-1: Ball
1-1: Called Strike
1-2: Ball
2-2: Strikes out swinging
Bottom of the 3rd over - 2 runs, 3 hits, 0 errors, 2 left on base; Bradenton 0 - Charlotte 2
TOP OF THE 4TH
Bradenton Marauders batting - Pitching for Charlotte Stone Crabs : RHP Bob Parks
Batting: RHB Charlie Howell 0-0: SINGLE (Groundball, 3D, EV 96.3 MPH)
Batting: LHB Rich Herbert 0-0: Called Strike
0-1: Ball
1-1: Ball
2-1: Fly out, F6 (Popup, 6, EV 61.3 MPH)
Batting: RHB Juan Chávez 0-0: Called Strike
0-1: Foul Ball, location: 2F
0-2: Ball
1-2: Ball
2-2: Ball
3-2: Fly out, F8 (Flyball, 8RXD, EV 98.8 MPH)
Batting: SHB Jesús Martínez 0-0: SINGLE (Flyball, 56D, EV 95.0 MPH)
Charlie Howell to second
Batting: RHB Shawn Blanchard 0-0: Swinging Strike
0-1: TRIPLE (Line Drive, 78XD, EV 106.9 MPH)
Charlie Howell scores
Jesús Martínez scores
Batting: RHB Andreas Lambert 0-0: Ball
1-0: Ball
2-0: Swinging Strike
2-1: Fly out, F8 (Flyball, 8RM, EV 87.5 MPH)
Top of the 4th over - 2 runs, 3 hits, 0 errors, 1 left on base; Bradenton 2 - Charlotte 2
BOTTOM OF THE 4TH
Charlotte Stone Crabs batting - Pitching for Bradenton Marauders : RHP Greg Ramsey
Batting: RHB José Rivera 0-0: Ball
1-0: Ball
2-0: Ball
3-0: Called Strike
3-1: Swinging Strike
3-2: Base on Balls
Batting: LHB Andy Turner 0-0: Bunted foul
0-1: Sac Bunt to P - play at first, batter OUT! 1-3
José Rivera to second
Batting: RHB José Fernández 0-0: Ground out 4-3 (Groundball, 4, EV 96.9 MPH)
José Rivera to third
Batting: RHB Iván Narciso 0-0: Ball
1-0: Fly out, F6 (Line Drive, 6, EV 71.3 MPH)
Bottom of the 4th over - 0 runs, 0 hits, 0 errors, 1 left on base; Bradenton 2 - Charlotte 2
TOP OF THE 5TH
Bradenton Marauders batting - Pitching for Charlotte Stone Crabs : RHP Bob Parks
Batting: RHB Dan Alexander 0-0: Foul Ball, location: 7LDF
0-1: Swinging Strike
0-2: Ball
1-2: Foul Ball, location: 2F
1-2: Ground out 5-3 (Groundball, 56, EV 81.9 MPH)
Batting: LHB Charlie Wood 0-0: Ball
1-0: Foul Ball, location: 5F
1-1: Ball
2-1: Foul Ball, location: 2F
2-2: SINGLE (Line Drive, 4MD, EV 103.8 MPH)
Batting: RHB Rob Parker 0-0: Hit by Pitch
Charlie Wood to second
Batting: RHB Charlie Howell 0-0: Ball
1-0: Swinging Strike
1-1: Fly out, F5 (Popup, 5S, EV 71.9 MPH)
Batting: LHB Rich Herbert 0-0: Ball
1-0: Called Strike
1-1: Fly out, F7 (Flyball, 7D, EV 93.8 MPH)
Top of the 5th over - 0 runs, 1 hit, 0 errors, 2 left on base; Bradenton 2 - Charlotte 2
BOTTOM OF THE 5TH
Charlotte Stone Crabs batting - Pitching for Bradenton Marauders : RHP Greg Ramsey
Batting: RHB Juan Rodríguez 0-0: Ball
1-0: Foul Ball, location: 3DF
1-1: Ball
2-1: Foul Ball, location: 9LDF
2-2: Foul Ball, location: 7LSF
2-2: Foul Ball, location: 2F
2-2: Ball
3-2: Ground out 5-3 (Groundball, 5, EV 104.4 MPH)
Batting: RHB Nunno Gerardo 0-0: Called Strike
0-1: Ball
1-1: Ball
2-1: SINGLE (Groundball, 6S, EV 75.0 MPH) (infield hit)
Batting: LHB Jonathan Owens 0-0: Called Strike
0-1: Called Strike
0-2: Ball
1-2: Ball
2-2: Strikes out swinging
Batting: RHB Juan Sánchez 0-0: Swinging Strike
0-1: Ball
1-1: Ball
2-1: Ball
3-1: Foul Ball, location: 2F
3-2: SINGLE (Line Drive, 8LS, EV 110.6 MPH)
Nunno Gerardo to second
Nunno Gerardo to third
Pitching: LHP Bernardo Luna
Batting: RHB Luis Sánchez 0-0: Fielders Choice at 2nd, U4 (Groundball, 4M, EV 86.9 MPH)
Bottom of the 5th over - 0 runs, 2 hits, 0 errors, 2 left on base; Bradenton 2 - Charlotte 2
TOP OF THE 6TH
Bradenton Marauders batting - Pitching for Charlotte Stone Crabs : RHP Bob Parks
Pitching: RHP Manny Pérez
Batting: LHB Eddie Baird 0-0: Called Strike
0-1: Ball
1-1: Ball
2-1: Ball
3-1: Base on Balls
Batting: SHB Jesús Martínez 0-0: Ball
1-0: DOUBLE (Line Drive, 78D, EV 108.8 MPH)
Eddie Baird to third
Pinch Hitting: SHB Mike Jordan 0-0: Called Strike
0-1: Swinging Strike
0-2: Ball
1-2: Ball
2-2: SINGLE (Groundball, 4MD, EV 94.4 MPH)
Eddie Baird scores
Jesús Martínez to third
Runner from 3rd tries for Home, throw by CF and OUT! 8-2
Batting: RHB Andreas Lambert 0-0: Foul Ball, location: 2F
0-1: Ball
1-1: DOUBLE (Flyball, 8LXD, EV 96.3 MPH)
Mike Jordan to third
Runner from 3rd tries for Home, SAFE, no throw by CF
Batting: RHB Dan Alexander 0-0: Ball
1-0: Ball
2-0: Ball
3-0: Foul Ball, location: 23FF
3-1: Called Strike
3-2: Foul Ball, location: 9LDF
3-2: Base on Balls
Batting: LHB Charlie Wood 0-0: Swinging Strike
0-1: Ball
1-1: Foul Ball, location: 3F
1-2: Foul Ball, location: 2F
1-2: Fly out, F9 (Flyball, 89S, EV 91.9 MPH)
Batting: RHB Rob Parker 0-0: Ball
1-0: Ball
2-0: Ball
3-0: Base on Balls
Andreas Lambert to third
Dan Alexander to second
Batting: RHB Charlie Howell 0-0: Ball
1-0: Fly out, F3 (Popup, 3S, EV 76.9 MPH)
Top of the 6th over - 2 runs, 3 hits, 0 errors, 3 left on base; Bradenton 4 - Charlotte 2
BOTTOM OF THE 6TH
Charlotte Stone Crabs batting - Pitching for Bradenton Marauders : LHP Bernardo Luna
Now at 3B: José Ramos
Batting: RHB José Rivera 0-0: Ball
1-0: Foul Ball, location: 2F
1-1: Fly out, F8 (Flyball, 8RD, EV 110.0 MPH)
Batting: LHB Andy Turner 0-0: Foul Ball, location: 5F
0-1: Foul Ball, location: 7LSF
0-2: Ball
1-2: Foul Ball, location: 2F
1-2: Ball
2-2: Fly out, F7 (Flyball, 7D, EV 97.5 MPH)
Batting: RHB José Fernández 0-0: Ball
1-0: Called Strike
1-1: Ground out 4-3 (Groundball, 13, EV 86.3 MPH)
Bottom of the 6th over - 0 runs, 0 hits, 0 errors, 0 left on base; Bradenton 4 - Charlotte 2
TOP OF THE 7TH
Bradenton Marauders batting - Pitching for Charlotte Stone Crabs : RHP Manny Pérez
Batting: LHB Rich Herbert 0-0: Called Strike
0-1: Foul Ball, location: 2LF
0-2: Foul Ball, location: 5DF
0-2: Ball
1-2: Ball
2-2: Ball
3-2: Foul Ball, location: 7LSF
3-2: Base on Balls
Batting: LHB Eddie Baird 0-0: Ball
1-0: Swinging Strike
1-1: Ground out 5-3 (Groundball, 56S, EV 73.8 MPH)
Rich Herbert to second
Batting: SHB Jesús Martínez 0-0: Ball
1-0: Foul Ball, location: 7LSF
1-1: Foul Ball, location: 7LSF
1-2: Ball
2-2: Ball
3-2: TRIPLE (Flyball, 78XD, EV 109.4 MPH)
Rich Herbert scores
Pitching: RHP Ollie Duncan
Batting: RHB José Ramos 0-0: Ball
1-0: Swinging Strike
1-1: Ball
2-1: Swinging Strike
2-2: Foul Ball, location: 3FF
2-2: Strikes out swinging
Batting: RHB Andreas Lambert 0-0: Ground out 4-3 (Groundball, 4, EV 85.6 MPH)
Top of the 7th over - 1 run, 1 hit, 0 errors, 1 left on base; Bradenton 5 - Charlotte 2
BOTTOM OF THE 7TH
Charlotte Stone Crabs batting - Pitching for Bradenton Marauders : LHP Bernardo Luna
Batting: RHB Iván Narciso 0-0: Ball
1-0: SINGLE (Groundball, 4MD, EV 101.9 MPH)
Batting: RHB Juan Rodríguez 0-0: Bunted foul
0-1: Ball
1-1: Sac Bunt to 2R - play at second, runner OUT! 2-6
Batting: RHB Nunno Gerardo 0-0: Grounds into double play, 5-4-3 (Groundball, 56S, EV 83.1 MPH)
Bottom of the 7th over - 0 runs, 1 hit, 0 errors, 0 left on base; Bradenton 5 - Charlotte 2
TOP OF THE 8TH
Bradenton Marauders batting - Pitching for Charlotte Stone Crabs : RHP Ollie Duncan
Pitching: LHP Jesús Hernández
Batting: RHB Dan Alexander 0-0: Called Strike
0-1: SINGLE (Line Drive, 78M, EV 97.5 MPH)
Batting: LHB Charlie Wood 0-0: Bunted foul
0-1: Sac Bunt to 25 - play at first, batter OUT! 5-3
Dan Alexander to second
Batting: RHB Rob Parker 0-0: Called Strike
0-1: Ball
1-1: Ball
2-1: Ground out 6-3 (Groundball, 6M, EV 103.8 MPH)
Batting: RHB Charlie Howell 0-0: Fly out, F8 (Flyball, 8LXD, EV 105.6 MPH)
Top of the 8th over - 0 runs, 1 hit, 0 errors, 1 left on base; Bradenton 5 - Charlotte 2
BOTTOM OF THE 8TH
Charlotte Stone Crabs batting - Pitching for Bradenton Marauders : LHP Bernardo Luna
Now at 2B: Raúl Bueno
Now at SS: Jesús Martínez
Now in LF: Max Shields
Now in RF: Rob Parker
Pinch Hitting: RHB Danny Clemente 0-0: Ball
1-0: Foul Ball, location: 5DF
1-1: Swinging Strike
1-2: Ball
2-2: Ball
3-2: Foul Ball, location: 23F
3-2: Strikes out swinging
Batting: RHB Juan Sánchez 0-0: Ball
1-0: Called Strike
1-1: Ball
2-1: Foul Ball, location: 3FF
2-2: DOUBLE (Line Drive, 9LM, EV 92.5 MPH)
Batting: RHB Luis Sánchez 0-0: Called Strike
0-1: Ball
1-1: Called Strike
1-2: Ball
2-2: Strikes out swinging
Batting: RHB José Rivera 0-0: Fly out, F4 (Popup, 4S, EV 71.3 MPH)
Bottom of the 8th over - 0 runs, 1 hit, 0 errors, 1 left on base; Bradenton 5 - Charlotte 2
TOP OF THE 9TH
Bradenton Marauders batting - Pitching for Charlotte Stone Crabs : LHP Jesús Hernández
Pitching: RHP Esteban Rodríguez
Now at 2B: José Rivera
Now at SS: Danny Clemente
Batting: LHB Max Shields 0-0: Ball
1-0: Ball
2-0: Swinging Strike
2-1: Ball
3-1: Foul Ball, location: 2F
3-2: Strikes out swinging
Batting: LHB Eddie Baird 0-0: Ball
1-0: Ball
2-0: Ball
3-0: Foul Ball, location: 2F
3-1: Base on Balls
Batting: SHB Jesús Martínez 0-0: Ball
1-0: 2-RUN HOME RUN (Flyball, 9D, EV 96.9 MPH), Distance : 372 ft
Batting: RHB José Ramos 0-0: Ball
1-0: Foul Ball, location: 2F
1-1: Ball
2-1: Ball
3-1: Base on Balls
Batting: RHB Andreas Lambert 0-0: Ball
1-0: Grounds into double play, 4-6-3 (Groundball, 4, EV 81.9 MPH)
Top of the 9th over - 2 runs, 1 hit, 0 errors, 0 left on base; Bradenton 7 - Charlotte 2
BOTTOM OF THE 9TH
Charlotte Stone Crabs batting - Pitching for Bradenton Marauders : LHP Bernardo Luna
Pinch Hitting: RHB Keith Abbott 0-0: Called Strike
0-1: Ball
1-1: Called Strike
1-2: Ball
2-2: Strikes out looking
Batting: RHB José Fernández 0-0: Called Strike
0-1: Ball
1-1: Foul Ball, location: 2F
1-2: Ball
2-2: Foul Ball, location: 7LDF
2-2: Ball
3-2: Fly out, F7 (Flyball, 7D, EV 101.3 MPH)
Batting: RHB Cristián Hurtado 0-0: Called Strike
0-1: Ground out 1-3 (Groundball, 13, EV 65.6 MPH)
Bottom of the 9th over - 0 runs, 0 hits, 0 errors, 0 left on base; Bradenton 7 - Charlotte 2
Monday, April 1st , 2024 - OOTP Baseball 24.10 Build 82